 Dungeon Crawl Stone Soup version 0.20.1-1-g8b1a95d (webtiles) character file.

6329 HammerPanzer the Fencer (level 10, -2/96 HPs)
             Began as a Minotaur Berserker on Oct 30, 2017.
             Was a High Priest of Trog.
             Slain by a yak (9 damage)
             ... on level 9 of the Dungeon.
             The game lasted 00:30:23 (9510 turns).

HammerPanzer the Fencer (Minotaur Berserker)        Turns: 9510, Time: 00:30:24

Health: -2/96      AC: 11    Str: 26    XL:     10   Next: 64%
Magic:  9/9        EV:  7    Int:  5    God:    Trog [*****.]
Gold:   457        SH:  3    Dex: 10    Spells: 9/9 levels left

rFire    . . .     SeeInvis +   p - +0 long sword
rCold    . . .     Gourm    .   d - +0 buckler
rNeg     . . .     Faith    .   E - +0 plate armour
rPois    +         Spirit   .   (helmet restricted)
rElec    .         Reflect  .   (no cloak)
rCorr    .         Harm     .   (no gloves)
MR       .....                  (no boots)
Stlth    ..........             (no amulet)
Regen    0.3/turn               g - ring of poison resistance
MPRegen  0.2/turn               l - ring of see invisible (curse)

@: berserk cooldown, slowed, very slow
A: retaliatory headbutt, fangs 1, horns 2, talons 1, strong 1
a: Berserk, Trog's Hand, Brothers in Arms, Burn Spellbooks, Renounce Religion


You were on level 9 of the Dungeon.
You worshipped Trog.
Trog was extremely pleased with you.
You were not hungry.

You visited 1 branch of the dungeon, and saw 10 of its levels.

You collected 457 gold pieces.

Inventory:

Hand Weapons
 p - a +0 long sword (weapon)
Missiles
 y - 2 tomahawks of dispersal (quivered)
 D - 7 tomahawks of returning
Armour
 d - a +0 buckler (worn)
 E - a +0 plate armour (worn)
Jewellery
 g - a ring of poison resistance (left hand)
 l - a cursed ring of see invisible (right hand)
Wands
 u - a wand of iceblast (7/15)
 w - a wand of confusion (22/48)
Scrolls
 e - 4 scrolls of identify
 f - 5 scrolls of remove curse
 h - a scroll of fog
 i - 5 scrolls of teleportation
 n - a scroll of magic mapping
 s - a scroll of blinking {unknown}
Potions
 b - a potion of brilliance
 o - a potion of curing {unknown}
 q - a potion of flight
 r - 2 potions of lignification
 t - 3 potions of berserk rage
 v - a potion of agility {unknown}
 z - 2 potions of degeneration
 A - 2 potions of cancellation {unknown}
 B - 2 potions of invisibility
Books
 m - a book of Cantrips

   Spells                             Type                      Level
   a - Confusing Touch                Hexes                        1
   b - Animate Skeleton               Necromancy                   1
   c - Summon Small Mammal            Summoning                    1
   d - Apportation                    Translocation                1
   Trog disapproves of the use of such an item.
Comestibles
 a - 11 royal jellies
 c - 7 bread rations
 j - 2 fruits
 k - a chunk of flesh
 x - 3 meat rations


   Skills:
 + Level 11.5 Fighting
 * Level 15.3 Long Blades
 - Level 2.4 Armour
 - Level 2.1 Dodging


You had 9 spell levels left.
You didn't know any spells.

Dungeon Overview and Level Annotations

Branches:
Dungeon (10/15)            Temple (0/1) D:5            Lair (0/6) D:9
    Orc: D:9-12

Altars:
Ashenzari
Hepliaklqana
Uskayaw
Yredelemnul
The Shining One

Shops:
D:7 :   D:8 [

Annotations:
D:5 2 transporters


Innate Abilities, Weirdness & Mutations

You reflexively headbutt those who attack you in melee.
You have a pair of horns on your head.
You have very sharp teeth.
You have sharp toenails.
Your muscles are strong. (Str +2)


Message History

The yak gores you but does no damage. The yak gores you!
There is a stone staircase leading up, spattered with blood here.
You see here an arrow.
The yak barely misses you. You furiously retaliate!
You headbutt the yak! The yak gores you but does no damage.
The yak barely misses you.
The yak gores you but does no damage. x2; The yak gores you!
* * * LOW HITPOINT WARNING * * *
You climb upwards.
There is a stone staircase leading down here.
Unknown command.
The yak gores you.
* * * LOW HITPOINT WARNING * * *
The yak gores you but does no damage. x2
You slash the yak! Your kick misses the yak.
The yak is heavily wounded.
The yak gores you!
* * * LOW HITPOINT WARNING * * *
The yak gores you!
You die...

#...(.......#....#.....
#...........'....#.....
#...........######.....
#.......)<....(........
#.......).......<......
#....#######...........
#....#Y....#...........
#....#YY...#######.....
#....#@Y.........###..#
#....#.............#..#
#....#.............#..'
##....#.............#..#
#.....#.............##.#
#.....#..............#..
#.....#..............'.>
##.....##########.....#.#
#...............#..####.#


You could see 4 yaks.

Vanquished Creatures
  The ghost of Zogzag the Thaumaturge, a journeyman HuEE of Vehumet (D:10)
  The ghost of flt the Covert, a novice SpAs of Okawaru (D:8)
  A queen bee (D:8)
  A hornet (D:7)
  A hippogriff (D:8)
  A yak (D:10)
  The ghost of Irenicus the Chopper, an amateur DDBe of Trog (D:4)
  Grum (D:8)
  A water moccasin (D:8)
  Duvessa (D:4)
  A black bear (D:6)
  An orc warrior (D:8)
  2 ice beasts
  3 ogres
  A sky beast (D:10)
  2 necrophages
  A phantom (D:6)
  A centaur (D:6)
  2 wolves (D:8)
  2 big kobolds
  Blork the orc (D:4)
  A gnoll sergeant (D:8)
  2 bullfrogs
  Dowan (D:4)
  2 scorpions (D:6)
  16 killer bees
  An electric eel (D:10)
  2 bullfrog zombies
  5 crimson imps
  A quasit (D:9)
  3 orc priests
  2 jellies
  A bullfrog skeleton (D:4)
  A gnoll shaman (D:7)
  2 hounds
  5 orc wizards
  Jessica (D:2)
  2 iguanas
  9 worker ants
  19 gnolls
  2 howler monkey skeletons
  10 adders
  An ooze (D:1)
  An adder zombie (D:6)
  An adder skeleton (D:6)
  5 worms
  4 dart slugs
  3 leopard geckos
  25 orcs
  9 giant cockroaches
  13 hobgoblins
  12 jackals
  16 kobolds
  5 quokkas
  2 ball pythons
  4 bats
  6 frilled lizards
  8 goblins
  5 rats
235 creatures vanquished.

Vanquished Creatures (others)
  A leopard gecko (D:10)
1 creature vanquished.

Grand Total: 236 creatures vanquished

Notes
Turn   | Place    | Note
-------+----------+-------------------------------------------
     0 | D:1      | HammerPanzer the Minotaur Berserker began the quest for the Orb.
     0 | D:1      | Reached XP level 1. HP: 19/19 MP: 0/0
   308 | D:1      | Reached skill level 4 in Long Blades
   317 | D:1      | Reached XP level 2. HP: 17/27 MP: 1/1
   562 | D:1      | Reached XP level 3. HP: 32/33 MP: 2/2
   589 | D:2      | Noticed Jessica
  1167 | D:2      | Killed Jessica
  1167 | D:2      | Reached ** piety under Trog
  1167 | D:2      | Reached skill level 5 in Long Blades
  1171 | D:2      | Reached XP level 4. HP: 41/41 MP: 3/3
  1691 | D:2      | Reached skill level 6 in Long Blades
  1691 | D:2      | Reached XP level 5. HP: 47/47 MP: 4/4
  1850 | D:2      | Reached skill level 5 in Fighting
  2147 | D:3      | Reached *** piety under Trog
  2291 | D:3      | Reached XP level 6. HP: 56/56 MP: 5/5
  2644 | D:4      | Noticed Blork the orc
  2651 | D:4      | Killed Blork the orc
  2651 | D:4      | Reached skill level 7 in Long Blades
  2674 | D:4      | Noticed Irenicus's ghost (amateur DDBe)
  2675 | D:4      | Noticed Duvessa
  2680 | D:4      | Noticed Dowan
  3030 | D:4      | Killed Duvessa
  3030 | D:4      | Reached skill level 8 in Long Blades
  3030 | D:4      | Reached XP level 7. HP: 64/64 MP: 6/6
  3239 | D:4      | Killed Dowan
  3330 | D:5      | Entered Level 5 of the Dungeon
  3330 | D:5      | Found a transporter.
  3330 | D:5      | Found a hide-covered altar of Uskayaw.
  3330 | D:5      | Found a transporter.
  3330 | D:5      | Noticed a gargoyle
  3394 | D:5      | Found a staircase to the Ecumenical Temple.
  3404 | D:5      | Reached skill level 9 in Long Blades
  3424 | D:5      | Reached **** piety under Trog
  3740 | D:5      | Reached XP level 8. HP: 73/73 MP: 7/7
  3750 | D:5      | Found a shattered altar of Ashenzari.
  3842 | D:4      | Killed Irenicus's ghost
  3842 | D:4      | Reached skill level 10 in Long Blades
  5017 | D:7      | Noticed a hornet
  5156 | D:6      | Reached skill level 11 in Long Blades
  5681 | D:7      | Reached XP level 9. HP: 82/82 MP: 8/8
  5795 | D:7      | Reached skill level 12 in Long Blades
  6463 | D:7      | Found Gotaf Fog's Book Shop.
  6959 | D:8      | Noticed flt's ghost (novice SpAs)
  6959 | D:8      | Reached skill level 13 in Long Blades
  7265 | D:8      | Reached skill level 10 in Fighting
  7346 | D:8      | Noticed Grum
  7356 | D:8      | Killed Grum
  7504 | D:8      | Found Dajibuup's Antique Armour Shop.
  7600 | D:8      | Killed flt's ghost
  7600 | D:8      | Reached XP level 10. HP: 78/93 MP: 9/9
  7880 | D:8      | Found a glowing golden altar of the Shining One.
  7880 | D:8      | Found a shattered altar of Ashenzari.
  7939 | D:8      | Reached skill level 14 in Long Blades
  7960 | D:8      | Reached ***** piety under Trog
  9141 | D:9      | Found a staircase to the Lair.
  9178 | D:10     | Entered Level 10 of the Dungeon
  9178 | D:10     | Noticed Zogzag's ghost (journeyman HuEE)
  9334 | D:9      | Found a hazy altar of Hepliaklqana.
  9334 | D:9      | Found a basalt altar of Yredelemnul.
  9452 | D:10     | Gained mutation: Your muscles are strong. (Str +2) [mutagenic meat]
  9453 | D:10     | Gained mutation: You have sharp toenails. [mutagenic meat]
  9454 | D:10     | Gained mutation: You have very sharp teeth. [mutagenic meat]
  9489 | D:10     | Killed Zogzag's ghost
  9489 | D:10     | Reached skill level 15 in Long Blades
  9510 | D:9      | Slain by a yak

Skill      XL: |  1  2  3  4  5  6  7  8  9 10 |
---------------+-------------------------------+-----
Long Blades    | 4 5 6 8 9 11 13 15 | 15.3
Fighting       | 4 5 6 7 8 10 11 | 11.5
Armour         | |  2.4
Dodging        | |  2.1

Action                   |  1- 3 |  4- 6 |  7- 9 | 10-12 || total
-------------------------+-------+-------+-------+-------++-------
Melee: Falchion          |    50 |   155 |    89 |       ||   294
       Headbutt          |     7 |    39 |    56 |    17 ||   119
       Long sword        |       |       |   231 |   140 ||   371
       Kick              |       |       |       |     2 ||     2
       Bite              |       |       |       |     2 ||     2
Throw: Tomahawk          |       |     1 |    10 |     2 ||    13
Invok: Berserk           |     1 |     5 |     9 |     3 ||    18
       Burn Spellbooks   |       |       |     1 |       ||     1
  Use: Scroll            |       |    12 |     3 |     2 ||    17
       Potion            |       |       |       |     2 ||     2
  Eat: Chunk             |       |     9 |    16 |    11 ||    36
       Royal jelly       |       |     1 |     1 |       ||     2
       Meat ration       |       |       |     1 |       ||     1
       Fruit             |       |       |       |     4 ||     4
Armor: Animal skin       |     9 |       |       |       ||     9
       Chain mail        |       |    69 |   119 |    20 ||   208
       Leather armour    |       |     1 |       |       ||     1
       Plate armour      |       |       |       |    49 ||    49
       Skin              |       |       |       |    18 ||    18
Dodge: Dodged            |    27 |    65 |   101 |    55 ||   248
Block: Buckler           |       |       |    20 |    18 ||    38
       Rpst.: Falchion   |     5 |    14 |     5 |       ||    24
       Long sword        |       |       |    17 |    15 ||    32
